 Dungeon Crawl Stone Soup version 0.31.0-32-g396128a36d (webtiles) character file.

Game seed: 8710206855811308221

2746936 Brickman the Evocator (level 27, 205/228 HPs)
             Began as a Djinni Hedge Wizard on Mar 31, 2024.
             Was the Champion of Ashenzari.
             Escaped with the Orb
             ... and 5 runes on Apr 20, 2024!
             The game lasted 10:51:56 (85131 turns).

Brickman the Evocator (Djinni Hedge Wizard)        Turns: 85131, Time: 10:51:57

Health: 205/228    AC: 13    Str:  9    XL:     27
Gold:   6112       EV: 31    Int: 31    God:    Ashenzari [******] SH:  4 Dex: 15

rFire   + + +        a - +9 lajatang "Visionary of Ashenzari" {heavy, Cun, Bglg} (curse)
rCold   + + +        (shield currently unavailable)
rNeg    + . .        T - +3 troll leather armour of Panopticon {Regen+, Self, Cun} (curse)
rPois   ∞            U - +2 helmet "Thunder Perfect Mind" {Int+3, Sorc, Melee} (curse)
rElec   +            M - scarf of the Chained Sun {rC+ rF+, Self, Dev} (curse)
rCorr   +            X - +3 pair of gauntlets of War {Slay+5, Melee, Self} (curse)
SInv    +            (boots unavailable)
Will    +++++        b - amulet "Stellar Omen" {^Fragile rElec Regen+ rCorr SInv, Self, Cun} (curse)
Stlth   ++           q - ring of Ashenzari's Stars {rC+++ rN+ Will+++ Str+2 Dex-2, Bglg, Self} (curse)
HPRegen 2.18/turn    r - ring of Ashenzari's Autotheism {EV+5 Dex+2 Slay+5, Dev, Melee} (curse)
MPRegen 0.00/turn

%: clarity
@: flying, studying 2 skills
A: sickness immunity, fire resistance 2, cold vulnerability 1, float, innate
caster, HP casting, extra vitality 1, large bone plates 1, screaming 1, weak 1
0: Orb of Zot
}: 5/15 runes: decaying, slimy, silver, abyssal, gossamer
a: Renounce Religion, Shatter the Chains


You escaped.
You worshipped Ashenzari.
Ashenzari was exalted by your worship.
You visited 12 branches of the dungeon, and saw 56 of its levels.
You visited the Abyss 1 time.
You also visited: Ossuary and Ice Cave.

You collected 9520 gold pieces.
You spent 3408 gold pieces at shops.

Inventory:

Hand Weapons
 a - the cursed +9 lajatang "Visionary of Ashenzari" (weapon) {heavy, Cun, Bglg}
   (You acquired it on level 3 of the Lair of Beasts)

   It has a curse which improves the following skills: Cunning: Dodging and
   Stealth.
   Beguiling: Hexes and Translocations.
Armour
 p - the +3 cloak of the Ecumenical Temple {rElec rF+}
   (You acquired it on level 3 of the Realm of Zot)

   rF+:       It protects you from fire.
   rElec:     It insulates you from electricity.
 M - the cursed scarf of the Chained Sun (worn) {rC+ rF+, Self, Dev}
   (You found it on level 7 of the Dungeon)

   It has a curse which improves the following skills: Introspection: Fighting
   and Spellcasting.
   Devices:   Evocations and Shapeshifting.
 T - the cursed +3 troll leather armour of Panopticon (worn) {Regen+, Self, Cun}
   (You found it on level 2 of the Orcish Mines)

   Regen+:    It increases your rate of health regeneration.
   It has a curse which improves the following skills: Introspection: Fighting
   and Spellcasting.
   Cunning:   Dodging and Stealth.
 U - the cursed +2 helmet "Thunder Perfect Mind" (worn) {Int+3, Sorc, Melee}
   (You found it on level 3 of the Elven Halls)

   It has a curse which improves the following skills: Sorcery: Conjurations and
   Alchemy.
   Melee Combat: Short Blades, Long Blades, Axes, Maces & Flails, Polearms,
   Staves and Unarmed Combat.
 X - the cursed +3 pair of gauntlets of War (worn) {Slay+5, Melee, Self}
   (You bought it in a shop on level 11 of the Dungeon)

   Slay+5:    It affects your accuracy & damage with ranged weapons and melee
   (+5).
   It has a curse which improves the following skills: Melee Combat: Short
   Blades, Long Blades, Axes, Maces & Flails, Polearms, Staves and Unarmed
   Combat.
   Introspection: Fighting and Spellcasting.
Jewellery
 b - the cursed amulet "Stellar Omen" (around neck) {^Fragile rElec Regen+ rCorr SInv, Self, Cun}
   (You found it on level 3 of the Crypt)

   [amulet of regeneration]

   rElec:     It insulates you from electricity.
   SInv:      It lets you see invisible.
   Regen+:    It increases your rate of health regeneration.
   rCorr:     It protects you from acid and corrosion.
   ^Fragile:  It will be destroyed if unequipped.
   It has a curse which improves the following skills: Introspection: Fighting
   and Spellcasting.
   Cunning:   Dodging and Stealth.
 q - the cursed ring of Ashenzari's Stars (left hand) {rC+++ rN+ Will+++ Str+2 Dex-2, Bglg, Self}
   (You took it off a deep elf death mage on level 5 of the Vaults)

   [ring of positive energy]

   Str+2:     It affects your strength (+2).
   Dex-2:     It affects your dexterity (-2).
   rC+++:     It renders you almost immune to cold.
   rN+:       It protects you from negative energy.
   Will+++:   It greatly increases your willpower.
   It has a curse which improves the following skills: Beguiling: Hexes and
   Translocations.
   Introspection: Fighting and Spellcasting.
 r - the cursed ring of Ashenzari's Autotheism (right hand) {EV+5 Dex+2 Slay+5, Dev, Melee}
   (You found it on level 1 of the Lair of Beasts)

   [ring of evasion]

   EV+5:      It affects your evasion (+5).
   Dex+2:     It affects your dexterity (+2).
   Slay+5:    It affects your accuracy & damage with ranged weapons and melee
   (+5).
   It has a curse which improves the following skills: Devices: Evocations and
   Shapeshifting.
   Melee Combat: Short Blades, Long Blades, Axes, Maces & Flails, Polearms,
   Staves and Unarmed Combat.
Wands
 k - a wand of digging (13)
 o - a wand of flame (138)
 G - a wand of light (27)
 K - a wand of iceblast (98)
 P - a wand of polymorph (24)
 Q - a wand of charming (48)
 S - a wand of mindburst (35)
Scrolls
 e - 11 scrolls of poison
 f - 5 scrolls of vulnerability
 g - 21 scrolls of teleportation
 h - a scroll of enchant weapon
 n - 14 scrolls of immolation
 s - 3 scrolls of butterflies
 t - 8 scrolls of fear
 v - 2 scrolls of revelation
 y - a scroll of torment
 H - 6 scrolls of fog
 R - 2 scrolls of silence
 V - 13 scrolls of blinking
Potions
 c - 4 potions of invisibility
 d - 21 potions of curing
 i - 17 potions of heal wounds
 j - 11 potions of might
 l - 7 potions of ambrosia
 m - 9 potions of brilliance
 u - 7 potions of attraction
 x - 5 potions of resistance
 A - 6 potions of cancellation
 C - 7 potions of enlightenment
 J - 2 potions of berserk rage
 N - 10 potions of haste
 W - 7 potions of mutation
 Z - 8 potions of lignification
Miscellaneous
 w - a lightning rod (4/4)
 D - a phantom mirror
 I - a sack of spiders
 L - a tin of tremorstones (2/2)
 Y - a phial of floods


   Skills:
 - Level 22.2(27) Fighting
 + Level 16.8(21.3) Staves
 - Level 3.0 Armour
 - Level 23.0(27) Dodging
 + Level 11.7(16.4) Stealth
 + Level 20.2(26.5) Spellcasting
 + Level 20.2(22.4) Conjurations
 + Level 20.2(23.5) Hexes
 + Level 20.2 Summonings
 + Level 20.2 Necromancy
 + Level 20.2(23.5) Translocations
 + Level 20.2 Fire Magic
 + Level 20.2 Ice Magic
 + Level 20.2 Air Magic
 + Level 20.2 Earth Magic
 + Level 20.2(22.4) Alchemy
 + Level 23.4(26.5) Evocations


You knew the following spells:

 Your Spells              Type           Power      Damage    Failure   Level
a - Magic Dart            Conj           100%       1d8       0%          1
b - Slow                  Hex            100%       N/A       0%          1
c - Blink                 Tloc           100%       N/A       0%          2
d - Call Imp              Summ           100%       N/A       0%          2
e - Mephitic Cloud        Conj/Alch/Air  100%       N/A       0%          3
f - Shock                 Conj/Air       100%       1d9       0%          1
g - Jinxbite              Hex            100%       N/A       0%          2
h - Passwall              Erth           100%       N/A       0%          3
i - Teleport Other        Tloc           100%       N/A       0%          3
j - Cause Fear            Hex            56%        N/A       0%          4
k - Curse of Agony        Necr           100%       N/A       0%          5
l - Dispersal             Tloc           56%        N/A       0%          6
m - Enfeeble              Hex            56%        N/A       1%          7
n - Orb of Destruction    Conj           55%        9d14      1%          7
o - Discord               Hex            56%        N/A       1%          8
p - Malign Gateway        Summ/Tloc      54%        N/A       1%          7
q - Infestation           Necr           52%        N/A       1%          8
r - Death's Door          Necr           52%        N/A       21%         9
Your spell library was empty.

Dungeon Overview and Level Annotations

Branches:
Dungeon (15/15)            Temple (1/1) D:5            Lair (5/5) D:8
  Swamp (4/4) Lair:2       Spider (4/4) Lair:3        Slime (5/5) Lair:4
    Orc (2/2) D:12            Elf (3/3) Orc:2        Vaults (5/5) D:13
  Crypt (3/3) Vaults:2       Tomb (0/3) Crypt:3      Depths (4/4) D:15
    Zot (5/5) Depths:4    Ossuary (visited)           IceCv (visited)

Altars:
Ashenzari
Cheibriados
Dithmenos
Elyvilon
Fedhas
Gozag
Hepliaklqana
Makhleb
Nemelex Xobeh
Okawaru
Qazlal
Ru
Trog
Uskayaw
Wu Jian
Xom
Yredelemnul
Zin
The Shining One

Shops:
D:7 (   D:11 [[:[!   D:12 (   Orc:1 *   Orc:2 ([*:(   Elf:1 *   Elf:2 ??*[?
Elf:3 [   Vaults:5 *   Depths:1 =:=

Portals:
Hell: Depths:1 Depths:2 Depths:3 Depths:4
Abyss: Depths:3
Pandemonium: Depths:2
Ziggurat: Depths:1

Annotations:
Elf:2 3 runed translucent doors, exclusion: 3 doors
Vaults:2 exclusions: door, 4 sensed monsters (detected) and 3 more exclusions
Crypt:1 Josephina
Zot:4 exclusion: upstairs


Innate Abilities, Weirdness & Mutations

You are immune to sickness and miasma.
You are immune to poison.
Your flesh is very heat resistant. (rF++)
You are vulnerable to cold. (rC-)
You float through the air rather than walking.
You learn spells naturally, not from books.
Your magical power is your life essence.
You have superior vitality. (+4 MHP)
You are partially covered in large bone plates. (SH +4)
You occasionally shout uncontrollably at your foes.
You are weak. (Str -2)


Message History

The fireball engulfs the hell hog.
The hell hog completely resists.
You closely miss the hell hog.
The hell hog is moderately wounded.
The hell hog misses you. You block the hell hog's attack.
You carve the hell hog like the proverbial ham!!!
You kill the hell hog!
What level of the Dungeon? (default 1, ? - help)
There is a stone staircase leading up here.
You fly upwards.
There is a stone staircase leading down here.
There is an open door here.
There is an open door here.
HP restored.
There is a stone staircase leading up here.
You fly upwards.
There is a stone staircase leading down here.
There is a stone staircase leading up here.
You fly upwards.
There is a stone staircase leading down here.
A chaos spawn comes into view.
What level of the Dungeon? (default 1, ? - help)
There is a stone staircase leading up here.
You fly upwards.
There is a stone staircase leading down here.
You sense a monster nearby.
A Brimstone Fiend comes into view.
A tormentor comes into view.
The tormentor calls on the powers of darkness!
Your body is wracked with pain!
There is a stone staircase leading up here.
You fly upwards.
There is a stone staircase leading down here.
You are confused.
You feel invigorated.
You feel less invigorated.
You feel less confused.
What level of the Dungeon? (default 1, ? - help) You're already here!
There is a staircase leading out of the dungeon here.
You have escaped!

.####.##.# #.~~~~~~~........##
.##....#.###.~.....~......#..#
.##.##.#.....~............##.# ##
.......#####.~...~~~~~....##.###.
..#.#..# #.~...~>..~....##.##..
(.._...### #.~.....~.~..####.#...
..#.#....# #.~.~~~~~.~..##.......
.........# #.~.~.....~..#..#.....
####.....###.~..@~...~....##.....
#..........~~~~~...~.#####.....
###......###.........~.# #.....
.........##....~.....~.# #.....
.###........##.~~~~~~~.# ##.....
## #####.#####.........####......
######.).# #####.######........
.......### #........##.....
.####### ##.....###..#...


There were no monsters in sight!

Vanquished Creatures
  Dissolution (Slime:2)
  2 dread liches
  3 ancient liches
  3 orbs of fire
  3 royal mummies (Crypt:1)
  the Lernaean hydra (Swamp:4)
  A caustic shrike (Depths:1)
  6 golden dragons
  Nikola (Elf:1)
  The ghost of Jetyrhek the Devastator, a veteran GrEE of Lugonu (Crypt:2)
  4 bone dragons
  10 Orb Guardians
  A walking earthen tome (Depths:3)
  10 tentacled monstrosities
  A shard shrike skeleton (Crypt:3)
  6 quicksilver dragons
  A walking divine tome (Depths:3)
  9 liches
  2 deep elf blademasters (Elf:3)
  6 titans
  2 deep elf master archers (Elf:3)
  4 ancient champions
  2 tentacled starspawn (Abyss:3)
  6 acid blobs
  8 sphinxes
  3 death cobs
  3 shadow dragons
  A thorn hunter (Swamp:4)
  7 storm dragons
  5 tengu reavers
  6 azure jellies
  Aizul (Elf:1)
  Kirke (Spider:1)
  A protean progenitor (Zot:3)
  3 rockslimes
  A draconian monk (Depths:4)
  3 draconian knights
  10 vault wardens
  The ghost of Xolotl the Devastator, an adept DsAl of Vehumet (Spider:1)
  5 deep elf sorcerers
  6 iron dragons
  4 emperor scorpions
  6 fire giants
  3 draconian shifters
  4 ghost moths
  3 deep elf elementalists (Elf:3)
  13 frost giants
  5 ghouls
  An orc warlord (Orc:2)
  10 ironbound preservers
  A reaper (Crypt:2)
  2 curse skulls (Crypt:2)
  3 draconian annihilators
  8 quicksilver oozes
  A caustic shrike skeleton (Crypt:3)
  12 stone giants
  A formless jellyfish (Slime:5)
  7 ironbound thunderhulks
  3 spriggan defenders (Depths:3)
  7 very ugly things
  The ghost of Xisuugoh the Grappler, a journeyman DrSh of Wu Jian (Lair:3)
  13 vampire knights
  10 dire elephants
  3 green draconians
  4 eleionomae
  5 deep elf demonologists
  8 deep elf death magi
  A bunyip (Swamp:4)
  2 lorocyprocas (Abyss:3)
  2 deep elf annihilators (Elf:3)
  8 spark wasps
  A purple draconian (Zot:2)
  3 white draconians
  3 jiangshi
  3 war gargoyles
  15 ettins
  3 crystal guardians
  2 entropy weavers
  3 eidola
  10 fire dragons
  13 yaktaur captains
  4 deep elf high priests
  A shambling mangrove (Swamp:4)
  8 great orbs of eyes
  3 rakshasas
  10 vault guards
  2 ghost crabs
  21 hydras
  A hell beast (Depths:4)
  7 ice dragons
  A salamander tyrant (Depths:4)
  6 spriggan air magi
  3 catoblepae
  A two-headed ogre (shapeshifter) (Vaults:3)
  2 ogre magi (Vaults:5)
  3 jorogumos
  2 peacekeepers
  10 centaur warriors
  A death knight (D:15)
  14 alligators
  A spriggan skeleton (Crypt:3)
  8 two-headed ogres
  13 ironbound frosthearts
  4 radroaches
  6 boulder beetles
  19 dancing weapons
  A fenstrider witch skeleton (Crypt:3)
  5 tengu warriors
  3 death scarabs
  5 deep troll earth magi
  3 deep troll shamans (Depths:3)
  5 hell hogs
  A titan zombie (Crypt:3)
  Urug (Lair:2)
  12 death yaks
  5 demonic crawlers
  4 orc high priests (Orc:2)
  5 hell knights
  An occultist (Depths:2)
  3 spriggan berserkers
  4 thrashing horrors (Abyss:3)
  10 deep elf knights
  The ghost of SchramBam the Cleaver, a novice HOFi of Beogh (D:8)
  2 sun demons (Depths:2)
  A soul eater (Depths:2)
  2 fire crabs
  An iron troll (Depths:4)
  16 skeletal warriors
  11 wretched stars
  2 skysharks
  5 pharaoh ants
  9 glowing orange brains
  A sea snake (shapeshifter) (Vaults:5)
  31 deep trolls
  An anaconda zombie (Crypt:2)
  2 orange crystal statues
  A bunyip zombie (Crypt:3)
  A shadow wraith (Crypt:1)
  5 spriggan druids
  2 goliath frogs
  2 arcanists (Vaults:2)
  13 swamp dragons
  An obsidian statue (Vaults:1)
  3 orc knights (Orc:2)
  9 orb spiders
  A death drake (shapeshifter) (Vaults:5)
  2 shadow demons
  A sun moth (Spider:3)
  An iron giant skeleton (Crypt:3)
  2 bog bodies
  4 flayed ghosts
  11 necromancers
  Pikel (D:6)
  12 phantasmal warriors
  15 ironbound convokers
  5 steelbarb worms
  7 deep elf archers
  8 large abominations
  16 deep elf zephyrmancers
  The ghost of snydleywhiplash the Cleaver, a novice MiFi of Okawaru (D:6)
  27 ugly things
  7 orc sorcerers
  A cyclops (shapeshifter) (Vaults:5)
  14 lindwurms
  18 deep elf pyromancers
  15 wolf spiders
  3 cyclopes
  20 moths of wrath
  2 stone giant zombies (Crypt:1)
  3 will-o-the-wisps
  5 worldbinders (Abyss:3)
  A glowing shapeshifter (Depths:3)
  4 shining eyes
  4 manticores
  A salamander (shapeshifter) (Depths:3)
  24 elephants
  A fire giant skeleton (Crypt:2)
  8 black mambas
  3 meliai (Spider:3)
  A black mamba (shapeshifter) (Depths:3)
  A guardian serpent (Abyss:3)
  4 eyes of devastation
  A kobold blastminer (Orc:2)
  11 cane toads
  20 vault sentinels
  A death yak zombie (Crypt:1)
  10 torpor snails
  A formless jellyfish zombie (Crypt:1)
  An orange demon (Depths:4)
  3 smoke demons
  6 unseen horrors
  27 rime drakes
  19 yaktaurs
  2 kobold demonologists
  5 freezing wraiths
  6 komodo dragons
  2 tengu conjurers
  2 efreet (D:15)
  3 ancient zymes
  2 tormentors
  16 hornets
  A silent spectre (Abyss:3)
  26 polar bears
  5 trolls
  2 trolls (shapeshifter)
  A hellwing (Abyss:3)
  A hydra skeleton (Crypt:3)
  A harpy zombie (Crypt:3)
  10 tyrant leeches
  A polar bear (shapeshifter) (Abyss:3)
  21 tarantellas
  A harpy skeleton (Abyss:3)
  3 glass eyes (Depths:3)
  7 blink frogs
  A tarantella zombie (Crypt:2)
  7 raiju
  60 slime creatures
  3 dream sheep (Lair:5)
  A slime creature (shapeshifter) (Depths:1)
  23 jumping spiders
  A centaur simulacrum (D:14)
  An air elemental (Elf:2)
  17 culicivoras
  2 shadows
  2 wyverns
  10 spriggans
  3 wraiths
  A ynoxinul (D:8)
  11 water elementals
  Sigmund (D:2)
  53 yaks
  2 vampires (D:10)
  Eustachio (D:6)
  A neqoxec (Abyss:3)
  7 fire elementals
  3 hogs (Spider:1)
  Grum (D:9)
  10 wargs
  2 golden eyes
  3 starcursed masses (Abyss:3)
  12 vampire mosquitoes
  5 basilisks
  5 humans (D:13)
  24 redbacks
  3 chaos spawn
  A swamp worm (shapeshifter) (Vaults:4)
  A glowing shapeshifter zombie (Crypt:1)
  11 swamp worms
  2 nagas (Abyss:3)
  15 hell hounds
  14 water moccasins
  2 acid dragons
  2 small abominations (Abyss:3)
  24 orc warriors
  10 swamp drakes
  4 ice beasts
  A redback (shapeshifter) (Depths:3)
  A sky beast (Abyss:3)
  16 black bears
  33 laughing skulls
  32 wolves
  5 ogres
  An ettin simulacrum (Depths:2)
  12 centaurs
  An elephant zombie (Crypt:1)
  A swamp dragon skeleton (Crypt:1)
  2 lemures (D:6)
  A kobold brigand (D:10)
  8 bullfrogs
  Blork the orc (D:4)
  3 gnoll sergeants
  2 weeping skulls (Abyss:3)
  6 elf zombies
  A water moccasin zombie (Crypt:2)
  4 necrophages
  3 earth elementals
  5 scorpions
  A naga simulacrum (Crypt:1)
  13 wights
  10 killer bees
  2 jellies
  3 electric eels
  3 howler monkeys
  3 centaur zombies
  A quasit (Abyss:4)
  2 bombardier beetles
  A gnoll bouda (D:5)
  2 hounds
  Crazy Yiuf (D:2)
  16 orc priests
  A human zombie (Ossuary)
  Jessica (D:2)
  A sleepcap (D:8)
  An iguana (shapeshifter) (Vaults:5)
  An iguana (D:5)
  19 orc wizards
  3 hound zombies (Ossuary)
  A boggart simulacrum (D:15)
  2 mummies (Ossuary)
  Robin (D:2)
  22 gnolls
  10 adders
  2 shadow imps
  A white imp (D:7)
  4 ufetubi (D:6)
  4 adder zombies (Ossuary)
  3 dart slugs
  3 ribbon worms
  59 orcs
  4 bats
  4 endoplasms
  4 giant cockroaches
  3 gnoll zombies (Ossuary)
  A hobgoblin (D:2)
  11 jackals
  7 kobolds
  4 quokkas
  A river rat zombie (Crypt:1)
  3 training dummies (Orc:2)
  3 ball pythons (D:2)
  2 frilled lizards
  15 goblins
  4 jackal zombies (Ossuary)
  A kobold zombie (Ossuary)
  An orc skeleton (Crypt:2)
  3 orc zombies (Ossuary)
  2 rats
  A rat zombie (D:5)
  2 starspawn tentacles (Abyss:3)
1945 creatures vanquished.

Vanquished Creatures (collateral kills)
  the Royal Jelly (Slime:5)
  An ancient lich (Crypt:3)
  Khufu (Crypt:1)
  A juggernaut (Depths:3)
  Sojobo (Depths:2)
  A Killer Klown (Zot:5)
  The ghost of Onaejoot the Earth Mage, an adept DsAl of Gozag (Vaults:1)
  A profane servitor (Abyss:3)
  An electric golem (Zot:5)
  Mlioglotl (Spider:3)
  5 tentacled monstrosities
  2 liches
  12 Orb Guardians (Zot:5)
  A quicksilver dragon (Depths:1)
  2 titans
  3 tentacled starspawn (Abyss:3)
  An Executioner (Abyss:3)
  5 acid blobs
  2 eldritch tentacles
  A kraken (Abyss:4)
  A death cob (Zot:2)
  5 storm dragons
  A thorn hunter (Swamp:2)
  2 ancient champions (Crypt:2)
  3 tengu reavers
  A protean progenitor (Zot:1)
  4 rockslimes (Slime:5)
  A shadow dragon (Depths:4)
  2 azure jellies (Slime:5)
  A draconian monk (Zot:1)
  2 emperor scorpions (Spider:4)
  A draconian knight (Zot:1)
  3 frost giants
  A fire giant (Depths:1)
  A deep elf sorcerer (Vaults:1)
  2 ghost moths
  3 draconian scorchers
  A curse skull (Crypt:2)
  A spriggan defender (Depths:3)
  A draconian annihilator (Depths:4)
  A draconian stormcaller (Zot:1)
  8 stone giants
  4 quicksilver oozes (Slime:5)
  5 ironbound preservers
  7 very ugly things
  2 ironbound thunderhulks (Vaults:1)
  A yellow draconian (Zot:1)
  5 black draconians
  2 war gargoyles (Crypt:3)
  2 white draconians
  7 dire elephants (Vaults:1)
  A deep elf annihilator (Depths:3)
  3 vampire knights
  A deep elf death mage (Crypt:2)
  5 purple draconians
  4 red draconians
  A crystal guardian (Crypt:3)
  A spark wasp (Spider:4)
  8 ettins
  A merfolk impaler (Depths:2)
  A shambling mangrove (Abyss:4)
  2 fire dragons
  2 deep elf high priests
  A yaktaur captain (Vaults:1)
  2 great orbs of eyes (Slime:5)
  2 ghost crabs (Abyss:4)
  2 ice dragons
  3 rakshasas
  A spriggan air mage (Depths:1)
  18 vault guards (Vaults:5)
  An ogre mage (Vaults:5)
  2 ironbound frosthearts
  A centaur warrior (Vaults:1)
  A radroach (Depths:2)
  A dancing weapon (Crypt:3)
  3 deep troll shamans
  4 two-headed ogres
  An Orb Guardian skeleton (Crypt:2)
  5 hell hogs
  A vampire mage (Depths:3)
  3 deep troll earth magi
  4 hell knights (Crypt:3)
  11 thrashing horrors
  3 shock serpents (Zot:1)
  3 wretched stars (Abyss:3)
  A soul eater (Abyss:3)
  A sixfirhy (Abyss:3)
  2 fire crabs (Abyss:4)
  2 iron trolls
  11 skeletal warriors
  8 deep trolls
  A shadow wraith (Crypt:2)
  An orb spider (Spider:4)
  3 flayed ghosts
  3 lindwurms (Vaults:4)
  13 large abominations
  A mana viper (Abyss:3)
  3 sun moths (Spider:4)
  A spriggan simulacrum (Abyss:3)
  A glowing orange brain (Depths:1)
  5 phantasmal warriors (Crypt:2)
  5 ironbound convokers
  4 necromancers
  3 wolf spiders (Spider:4)
  A deep elf zephyrmancer (Depths:2)
  2 shining eyes (Slime:4)
  2 salamanders (Abyss:3)
  3 worldbinders (Abyss:3)
  4 ugly things
  A black mamba (Lair:1)
  5 moths of wrath
  2 elephants
  3 vault sentinels
  A naga mage (Abyss:3)
  8 smoke demons (Abyss:3)
  2 apocalypse crabs (Abyss:4)
  An unseen horror (Abyss:3)
  A guardian serpent (shapeshifter) (Depths:3)
  9 yaktaurs
  An efreet (Abyss:3)
  A rime drake (Lair:5)
  2 freezing wraiths
  5 ancient zymes
  8 hornets
  2 blink frogs
  15 raiju (Abyss:3)
  3 tarantellas (Spider:4)
  A fire dragon zombie (Crypt:3)
  2 glass eyes
  A stone giant simulacrum (Abyss:3)
  24 slime creatures
  4 ynoxinuls (Abyss:3)
  6 jumping spiders (Spider:4)
  3 water elementals (Depths:2)
  A wraith (D:6)
  2 culicivoras (Spider:4)
  A fire elemental (Abyss:3)
  A basilisk (Lair:2)
  A yak (Lair:4)
  2 chaos spawn (Abyss:3)
  A neqoxec (Abyss:3)
  8 redbacks (Spider:4)
  A harpy simulacrum (Abyss:3)
  3 hell hounds (Abyss:3)
  A sky beast (D:6)
  18 laughing skulls
  A black bear (D:6)
  2 ettin simulacra (Depths:2)
  5 small abominations (Abyss:3)
  A wolf (Lair:4)
  2 weeping skulls (Abyss:3)
  A brain worm (Abyss:3)
  An elf zombie (Ossuary)
  3 bullfrogs
  A scorpion (D:4)
  4 wights
  A shapeshifter zombie (Crypt:2)
  A howler monkey (D:6)
  A lava snake (Lair:1)
  2 quasits (Abyss:3)
  8 starcursed masses
  An iron imp (Abyss:3)
  A deep dwarf zombie (Crypt:2)
  A hound zombie (Ossuary)
  2 gnolls (D:6)
  A shadow imp (Abyss:3)
  2 white imps (Abyss:3)
  An adder zombie (Ossuary)
  4 orcs
  5 gnoll zombies (Ossuary)
  2 goblins (D:2)
  4 jackals
  A jackal zombie (Ossuary)
  2 kobold zombies (Ossuary)
  An orc zombie (Ossuary)
  A rat zombie (D:5)
  2 lurking horrors
  A starspawn tentacle (Abyss:3)
  2 tentacles (Abyss:4)
528 creatures vanquished.

Vanquished Creatures (others)
  An Orb Guardian (Zot:5)
  23 eldritch tentacles
  A rockslime (Slime:5)
  An azure jelly (Slime:5)
  A draconian monk (Zot:2)
  A draconian scorcher (Zot:1)
  An ironbound preserver (Vaults:3)
  A draconian annihilator (Zot:1)
  A draconian stormcaller (Zot:1)
  A very ugly thing (Depths:3)
  2 green draconians (Depths:4)
  A purple draconian (Zot:5)
  A red draconian (Zot:5)
  2 ettins (Depths:3)
  A fire dragon (Depths:4)
  6 vault guards
  A rakshasa (Depths:3)
  A centaur warrior (Vaults:3)
  An ironbound frostheart (IceCv)
  A jorogumo (Spider:4)
  A deep troll earth mage (Depths:4)
  A spriggan berserker (Depths:4)
  A hell knight (Crypt:3)
  An iron troll (Depths:2)
  A skeletal warrior (Crypt:3)
  3 deep trolls
  2 orb spiders (Spider:4)
  A necromancer (Depths:3)
  A deep elf zephyrmancer (Elf:2)
  A shining eye (Slime:3)
  A phantasmal warrior (Depths:1)
  A wolf spider (Spider:1)
  A moth of wrath (Zot:3)
  A torpor snail (Spider:3)
  2 yaktaurs (Vaults:3)
  2 bloated husks
  3 tarantellas
  A snapping turtle (shapeshifter) (Depths:3)
  A water elemental (Abyss:3)
  A culicivora (Spider:2)
  6 slime creatures
  4 redbacks (Spider:4)
  A small abomination (Abyss:3)
  A laughing skull (Crypt:3)
  A necrophage (Crypt:3)
  A wight (Abyss:3)
  A butterfly (Depths:2)
  6 foxfires (Swamp:2)
  11 starspawn tentacles
  2 tentacles (Abyss:4)
110 creatures vanquished.

Grand Total: 2583 creatures vanquished

Notes
Turn   | Place    | Note
-------+----------+-------------------------------------------
     0 | D:1      | Brickman the Djinni Hedge Wizard began the quest for the
                  | Orb.
     0 | D:1      | Brickman set off with the following spells memorised: Magic
                  | Dart, Slow, Blink, Call Imp, Mephitic Cloud.
     0 | D:1      | Reached XP level 1. HP: 15/15 MP: 0/0
     9 | D:1      | Found a faded altar of an unknown god.
   228 | D:1      | Reached XP level 2. HP: 18/21 MP: 0/0
   480 | D:2      | Found a runed translucent door.
   481 | D:2      | Noticed Crazy Yiuf
   680 | D:2      | Noticed Robin
   694 | D:2      | Reached skill level 1 in Fighting
   694 | D:2      | Reached XP level 3. HP: 23/27 MP: 0/0
   694 | D:2      | Learned a level 1 spell: Shock
   929 | D:2      | Killed Robin
   962 | D:2      | Reached XP level 4. HP: 28/33 MP: 0/0
  1052 | D:2      | Found the +18 Lear's hauberk
  1202 | D:2      | Noticed Sigmund
  1281 | D:2      | Noticed Jessica
  1296 | D:2      | Identified the +0 chain mail of Sotozyecw {+Inv}
  1387 | D:2      | Killed Jessica
  1743 | D:2      | Killed Crazy Yiuf
  1744 | D:2      | Reached XP level 5. HP: 25/38 MP: 0/0
  1744 | D:2      | Learned a level 2 spell: Jinxbite
  2686 | D:4      | Noticed Blork the orc
  2858 | D:4      | Reached skill level 5 in Spellcasting
  2858 | D:4      | Reached skill level 5 in Conjurations
  2858 | D:4      | Reached skill level 5 in Hexes
  2858 | D:4      | Reached skill level 5 in Summonings
  2858 | D:4      | Reached skill level 5 in Necromancy
  2858 | D:4      | Reached skill level 5 in Translocations
  2858 | D:4      | Reached skill level 5 in Fire Magic
  2858 | D:4      | Reached skill level 5 in Ice Magic
  2858 | D:4      | Reached skill level 5 in Air Magic
  2858 | D:4      | Reached skill level 5 in Earth Magic
  2858 | D:4      | Reached skill level 5 in Alchemy
  2858 | D:4      | Reached XP level 6. HP: 27/43 MP: 0/0
  2923 | D:4      | Killed Blork the orc
  3067 | D:4      | Identified the +0 robe of the Nurturing Gods {-Tele rN+
                  | rCorr}
  3080 | D:5      | Entered Level 5 of the Dungeon
  3080 | D:5      | Noticed a black bear
  3130 | D:5      | Found a staircase to the Ecumenical Temple.
  3134 | D:5      | Noticed an ice beast
  3151 | D:5      | Found a sand-covered staircase.
  3170 | Ossuary  | Entered an ossuary
  3196 | Ossuary  | Reached XP level 7. HP: 47/49 MP: 0/0
  3196 | Ossuary  | Learned a level 3 spell: Passwall
  3786 | Ossuary  | Reached XP level 8. HP: 37/58 MP: 0/0
  3960 | Temple   | Entered the Ecumenical Temple
  3971 | Temple   | Became a worshipper of Ashenzari the Shackled
  4489 | D:5      | Found a sparkling altar of Nemelex Xobeh.
  4715 | D:5      | Reached XP level 9. HP: 62/62 MP: 0/0
  4715 | D:5      | Learned a level 3 spell: Teleport Other
  5757 | D:5      | Noticed a troll
  5938 | D:5      | Killed a troll
  6082 | D:6      | Noticed Eustachio
  6374 | D:6      | Noticed a troll
  6404 | D:6      | Killed a troll
  6477 | D:6      | Reached skill level 10 in Spellcasting
  6477 | D:6      | Reached skill level 10 in Conjurations
  6477 | D:6      | Reached skill level 10 in Hexes
  6477 | D:6      | Reached skill level 10 in Summonings
  6477 | D:6      | Reached skill level 10 in Necromancy
  6477 | D:6      | Reached skill level 10 in Translocations
  6477 | D:6      | Reached skill level 10 in Fire Magic
  6477 | D:6      | Reached skill level 10 in Ice Magic
  6477 | D:6      | Reached skill level 10 in Air Magic
  6477 | D:6      | Reached skill level 10 in Earth Magic
  6477 | D:6      | Reached skill level 10 in Alchemy
  6548 | D:6      | Killed Eustachio
  6561 | D:6      | Reached XP level 10. HP: 44/67 MP: 0/0
  6853 | D:6      | Noticed Pikel
  6874 | D:6      | Killed Pikel
  6920 | D:6      | Noticed a two-headed ogre
  6952 | D:6      | Killed a two-headed ogre
  7057 | D:6      | Reached * piety under Ashenzari
  7226 | D:6      | Reached skill level 1 in Evocations
  7235 | D:6      | Found a runed translucent door.
  7237 | D:6      | Noticed snydleywhiplash's ghost (novice MiFi)
  7487 | D:7      | Found Hexof's Weapon Boutique.
  7761 | D:7      | Reached ** piety under Ashenzari
  7833 | D:7      | Found a white marble altar of Elyvilon.
  7833 | D:7      | Found a sacrificial altar of Ru.
  8319 | D:8      | Noticed a komodo dragon
  8342 | D:8      | Reached XP level 11. HP: 65/74 MP: 0/0
  8342 | D:8      | Learned a level 4 spell: Cause Fear
  8399 | D:8      | Found a staircase to the Lair.
  8408 | D:8      | Reached skill level 5 in Fighting
  8528 | D:8      | Found a stormy altar of Qazlal.
  8555 | D:8      | Found a hide-covered altar of Uskayaw.
  8758 | D:8      | Found a runed translucent door.
  8758 | D:8      | Noticed SchramBam's ghost (novice HOFi)
  9370 | Lair:1   | Entered Level 1 of the Lair of Beasts
  9773 | Lair:1   | Reached skill level 5 in Evocations
  9791 | Lair:2   | Reached *** piety under Ashenzari
  9891 | Lair:1   | Identified the ring "Him Bupp" {EV+5 Dex+2 Slay+5}
  9970 | Lair:2   | Reached skill level 5 in Dodging
  9976 | Lair:2   | Reached skill level 1 in Armour
 10454 | Lair:1   | Reached skill level 1 in Staves
 10500 | Lair:1   | Identified the +8 hand axe "Yfitesaa" {heavy, Int+3}
 10791 | Lair:2   | Found a staircase to the Swamp.
 11189 | Lair:2   | Noticed a death yak
 11191 | Lair:2   | Noticed a death yak
 11193 | Lair:2   | Noticed a death yak
 11236 | Lair:2   | Noticed an elephant
 11236 | Lair:2   | Noticed an elephant
 11236 | Lair:2   | Noticed an elephant
 11236 | Lair:2   | Noticed an elephant
 11236 | Lair:2   | Noticed an elephant
 11311 | Lair:2   | Reached XP level 12. HP: 81/86 MP: 0/0
 11639 | Lair:2   | Noticed a death yak
 11674 | Lair:2   | Noticed Urug
 11777 | Lair:2   | Noticed a death yak
 11777 | Lair:2   | Noticed a death yak
 11882 | Lair:1   | Reached skill level 5 in Staves
 12273 | Lair:3   | Noticed a five-headed hydra
 12593 | Lair:2   | Killed a death yak
 12599 | Lair:2   | Killed a death yak
 12609 | Lair:2   | Killed Urug
 12736 | Lair:2   | Killed a death yak
 12757 | Lair:2   | Killed a death yak
 12760 | Lair:2   | Killed a death yak
 12928 | Lair:2   | Killed a death yak
 12973 | Lair:3   | Reached XP level 13. HP: 90/96 MP: 0/0
 12973 | Lair:3   | Learned a level 5 spell: Curse of Agony
 13124 | Lair:3   | Identified a scroll of acquirement
 13137 | Lair:3   | Acquired a +0 lajatang of electrocution
 13369 | Lair:3   | Acquired the ring "Puelic" {Fire Will+ Dex-5 Stlth+}
 13603 | Lair:3   | Killed a five-headed hydra
 13930 | Lair:3   | Found a hole to the Spider Nest.
 15182 | Lair:4   | Found a transporter.
 15198 | Lair:4   | Found a transporter.
 15538 | Lair:4   | Reached skill level 10 in Staves
 15706 | Lair:4   | Noticed an eight-headed hydra
 15735 | Lair:4   | Found a runed translucent door.
 15740 | Lair:4   | Found a staircase to the Slime Pits.
 15740 | Lair:4   | Noticed an azure jelly
 15740 | Lair:4   | Noticed an azure jelly
 15806 | Lair:4   | Noticed Xisuugoh's ghost (journeyman DrSh)
 16217 | Lair:4   | Killed an eight-headed hydra
 16514 | Lair:4   | Reached skill level 10 in Fighting
 16538 | Lair:3   | Killed Xisuugoh's ghost
 16634 | Lair:4   | Reached XP level 14. HP: 78/106 MP: 0/0
 17379 | Lair:5   | Entered Level 5 of the Lair of Beasts
 17822 | Lair:5   | Reached skill level 10 in Dodging
 18421 | Lair:5   | Identified the +9 rapier of Past Mistakes {venom, Dex+4}
 19118 | Lair:5   | Reached skill level 10 in Evocations
 19172 | Lair:5   | Reached XP level 15. HP: 112/112 MP: 0/0
 19172 | Lair:5   | Learned a level 6 spell: Dispersal
 20735 | Lair:5   | Identified the +7 battleaxe "Beastslayer" {protect, rF+
                  | rCorr Int+2}
 21157 | D:2      | Killed Sigmund
 21314 | D:6      | Killed snydleywhiplash's ghost
 21385 | D:7      | Reached skill level 5 in Stealth
 21447 | D:8      | Killed SchramBam's ghost
 21694 | D:9      | Found the +5 robe of Misfortune {Harm *Corrode *Slow EV+5}
 21721 | D:9      | Found a snail-covered altar of Cheibriados.
 21941 | D:9      | Noticed Grum
 21949 | D:9      | Killed Grum
 22062 | D:10     | Entered Level 10 of the Dungeon
 22080 | D:10     | You are sucked into a shaft and drop 2 floors!
 22475 | D:11     | Found Reiq Tosm's Antique Armour Shop.
 22484 | D:11     | Bought an ichor-stained leather armour for 154 gold pieces
 22484 | D:11     | Identified the +1 leather armour of Free Expression {rElec
                  | rF+ MP-9 Dex+3} (You bought it in a shop on level 11 of the
                  | Dungeon)
 22484 | D:11     | Bought a slimy robe for 125 gold pieces
 22484 | D:11     | Identified the +1 robe "Tokheath" {rPois rF+ Int+3 Dex+3}
                  | (You bought it in a shop on level 11 of the Dungeon)
 22498 | D:11     | Found Nolar Cola's Antique Armour Shop.
 22552 | D:11     | Acquired a manual of Fighting
 23798 | D:11     | Identified the +4 broad axe "Reps" {freeze, rF+ Stlth+}
 23798 | D:11     | Found Pucotaqa's Distillery.
 23877 | D:11     | Reached XP level 16. HP: 121/123 MP: 0/0
 24317 | D:11     | Found Allijat's Armour Emporium.
 24336 | D:11     | Bought the +3 pair of gauntlets of War {Slay+5} for 665
                  | gold pieces
 24336 | D:11     | Found the +3 pair of gauntlets of War {Slay+5}
 24395 | D:11     | Found Honnaqyl's Book Boutique.
 24818 | D:12     | Found Qeish's Weapon Shoppe.
 24818 | D:12     | Found a staircase to the Orcish Mines.
 25236 | Orc:1    | Entered Level 1 of the Orcish Mines
 25258 | Orc:2    | Entered Level 2 of the Orcish Mines
 25628 | Orc:1    | Found Arov's General Store.
 25781 | Orc:2    | Found Ighoit's Firing Range.
 25944 | Orc:2    | Found a staircase to the Elven Halls.
 27053 | Orc:2    | Found Dis Dovu's General Store.
 27054 | Orc:2    | Found Otew's Book Shop.
 27058 | Orc:2    | Found Reminoz's Antique Armour Shop.
 27058 | Orc:2    | Found Situof's Antique Weapon Boutique.
 27103 | Orc:2    | Bought a scroll of butterflies for 60 gold pieces
 27103 | Orc:2    | Bought a potion of haste for 150 gold pieces
 28126 | D:13     | Found a gate to the Vaults.
 28139 | D:13     | Gained mutation: Your muscles are strong. (Str +4, Int/Dex
                  | -1) [potion of mutation]
 28329 | D:14     | Reached skill level 15 in Fighting
 28428 | D:14     | Identified the staff "Sumnague" {rElec Str+3 Dex+3 Earth}
 28429 | D:14     | Identified the staff of the Candelabrum {rF+ Int+2 Fire}
 28441 | D:14     | Identified the +1 morningstar of Sutoydoc {holy, *Rage
                  | Int+6}
 28851 | D:15     | Entered Level 15 of the Dungeon
 28864 | D:15     | Reached XP level 17. HP: 97/137 MP: 0/0
 28864 | D:15     | Learned a level 7 spell: Enfeeble
 29224 | D:15     | Found a staircase to the Depths.
 29863 | Swamp:1  | Entered Level 1 of the Swamp
 30877 | Swamp:2  | Noticed a thorn hunter
 30913 | Swamp:2  | Killed a thorn hunter
 31874 | Swamp:2  | Identified the +0 ring mail "Zoysedus" {MP+9}
 33737 | Spider:1 | Entered Level 1 of the Spider Nest
 33848 | Spider:2 | Noticed Mlioglotl
 33852 | Spider:1 | Reached XP level 18. HP: 82/149 MP: 0/0
 34078 | Spider:1 | Noticed Kirke
 34162 | Spider:1 | Killed Kirke
 34343 | Spider:1 | Found a large runed translucent door.
 34343 | Spider:1 | Found a large runed translucent door.
 34345 | Spider:1 | Identified the Secrets of Degeneration
 34346 | Spider:1 | Identified the +6 great sword of Blind Justice {speed, rF-
                  | Will- Str+8}
 34347 | Spider:1 | Noticed Xolotl's ghost (adept DsAl)
 34676 | Spider:1 | You are sucked into a shaft and drop 1 floor!
 35728 | Spider:2 | Noticed a profane servitor
 36589 | Spider:4 | Entered Level 4 of the Spider Nest
 37305 | Spider:2 | Found a transporter.
 37307 | Spider:2 | Identified the -2 helmet of the Spheres {Stlth+}
 37381 | Spider:2 | Noticed an Executioner
 37437 | Spider:2 | Found a transporter.
 40714 | Elf:1    | Entered Level 1 of the Elven Halls
 40746 | Elf:1    | Identified the serpent talisman of the Game Afoot {rC++
                  | Dex+4}
 40746 | Elf:1    | Noticed Aizul
 40756 | Elf:1    | Killed Aizul
 40757 | Elf:1    | Reached XP level 19. HP: 145/156 MP: 0/0
 40757 | Elf:1    | Learned a level 7 spell: Orb of Destruction
 40969 | Elf:1    | Identified the Handbook of Darkness
 41524 | Elf:1    | Found Oschyagod's General Store.
 41598 | Elf:1    | Noticed Nikola
 41833 | Elf:1    | Reached **** piety under Ashenzari
 42127 | Elf:1    | Killed Nikola
 42437 | Elf:2    | Found Secex's Magic Scroll Emporium.
 42438 | Elf:2    | Found Ebusurauchi's Magic Scroll Shoppe.
 42441 | Elf:2    | Bought a scroll of enchant weapon for 135 gold pieces
 42452 | Elf:2    | Bought a scroll of enchant weapon for 127 gold pieces
 42452 | Elf:2    | Bought a scroll of enchant weapon for 127 gold pieces
 42566 | Elf:2    | Found Ecizap's General Store.
 42577 | Elf:2    | Paralysed by an air elemental for 1 turns
 42584 | Elf:2    | Bought 3 potions of resistance for 600 gold pieces
 42652 | Elf:2    | Found Dyhes's Antique Armour Emporium.
 42938 | Elf:2    | Found Muurhy's Magic Scroll Boutique.
 43308 | Elf:2    | Found a runed translucent gate.
 43308 | Elf:2    | Found a runed translucent gate.
 43308 | Elf:2    | Found a runed translucent gate.
 43404 | Elf:3    | Entered Level 3 of the Elven Halls
 43445 | Elf:3    | Found a glacial archway.
 43501 | IceCv    | Entered an ice cave
 43664 | IceCv    | Reached skill level 15 in Dodging
 43691 | IceCv    | Reached ***** piety under Ashenzari
 44116 | IceCv    | Identified the +2 ice dragon scales "Bysibuog" {Harm rF-
                  | rC++ Dex+6 Slay-2 Stlth+}
 45403 | Elf:3    | Found Patephat's Armour Boutique.
 45960 | Elf:3    | Identified the +8 short sword "Vokkoar" {antimagic, rCorr}
 45960 | Elf:3    | Identified the ring "Itit" {rF+ rC+ rN+ Str-2}
 46041 | Elf:3    | Reached XP level 20. HP: 92/169 MP: 0/0
 46347 | Elf:3    | Identified the amulet of the Robin {RegenMP ^Contam +Blink
                  | rN+++ MP-9}
 46350 | Elf:3    | Identified the +8 arbalest "Ceghutt" {freeze, SInv}
 46923 | Elf:3    | Identified the +9 dagger of Kips {speed, rC+ Int+3 SInv}
 46992 | Elf:3    | Identified the +1 pair of gloves of Generosity {rElec rF++}
 47387 | Elf:3    | Identified the +0 pair of gloves of the Spider Nest {^Drain
                  | Dex+10 Stlth+}
 48144 | Swamp:4  | Entered Level 4 of the Swamp
 49477 | Swamp:4  | Noticed the 27-headed Lernaean hydra
 49792 | Swamp:4  | Killed the 27-headed Lernaean hydra
 49983 | Swamp:4  | Got a decaying rune of Zot
 50322 | Vaults:1 | Entered Level 1 of the Vaults
 50881 | Vaults:1 | Reached XP level 21. HP: 179/179 MP: 0/0
 50881 | Vaults:1 | Learned a level 8 spell: Discord
 51884 | Vaults:1 | Found a runed translucent gate.
 51884 | Vaults:1 | Found a runed translucent gate.
 51884 | Vaults:1 | Found a runed translucent gate.
 51884 | Vaults:1 | Found an opulent altar of Gozag.
 51885 | Vaults:1 | Noticed Onaejoot's ghost (adept DsAl)
 53626 | Vaults:2 | Reached ****** piety under Ashenzari
 53775 | Vaults:2 | Found a staircase to the Crypt.
 55313 | Vaults:3 | Reached XP level 22. HP: 182/189 MP: 0/0
 55672 | Vaults:3 | Reached skill level 15 in Spellcasting
 55672 | Vaults:3 | Reached skill level 15 in Conjurations
 55672 | Vaults:3 | Reached skill level 15 in Hexes
 55672 | Vaults:3 | Reached skill level 15 in Summonings
 55672 | Vaults:3 | Reached skill level 15 in Necromancy
 55672 | Vaults:3 | Reached skill level 15 in Translocations
 55672 | Vaults:3 | Reached skill level 15 in Fire Magic
 55672 | Vaults:3 | Reached skill level 15 in Ice Magic
 55672 | Vaults:3 | Reached skill level 15 in Air Magic
 55672 | Vaults:3 | Reached skill level 15 in Earth Magic
 55672 | Vaults:3 | Reached skill level 15 in Alchemy
 58771 | Vaults:1 | Killed Onaejoot's ghost
 59037 | Crypt:1  | Entered Level 1 of the Crypt
 59037 | Crypt:1  | Noticed Khufu
 59037 | Crypt:1  | Noticed a royal mummy
 59037 | Crypt:1  | Noticed a royal mummy
 59038 | Crypt:1  | Noticed a royal mummy
 59464 | Crypt:1  | Killed a royal mummy
 59532 | Crypt:1  | Killed a royal mummy
 59533 | Crypt:1  | Reached skill level 15 in Evocations
 59732 | Crypt:1  | Identified the ring of Elyassou {Ice MP+9 Int+2 Dex+2}
 59732 | Crypt:1  | Noticed Josephina
 60254 | Crypt:1  | Killed a royal mummy
 60672 | Crypt:1  | Reached XP level 23. HP: 179/195 MP: 0/0
 60672 | Crypt:1  | Learned a level 7 spell: Malign Gateway
 61039 | Crypt:1  | Killed Khufu
 62247 | Crypt:2  | Found a runed translucent door.
 62247 | Crypt:2  | Noticed Jetyrhek's ghost (veteran GrEE)
 62913 | Crypt:3  | Entered Level 3 of the Crypt
 62985 | Crypt:2  | Killed Jetyrhek's ghost
 64565 | Crypt:3  | Identified the amulet "Ovuvoplo" {^Fragile rElec Regen+
                  | rCorr SInv}
 64565 | Crypt:3  | Identified the amulet "Okuag" {rF- Regen+ Int+3}
 64565 | Crypt:3  | Identified the ring "Weojiyvept" {rC+ rN+}
 64919 | Crypt:3  | Found a basalt altar of Yredelemnul.
 64919 | Crypt:3  | Noticed an ancient lich
 65276 | Crypt:3  | Found a staircase to the Tomb.
 65460 | Crypt:3  | Killed an ancient lich
 65842 | D:13     | Gained mutation: Potions are less effective at restoring
                  | your health. [mutagenic glow]
 65917 | D:13     | Lost mutation: Your muscles are strong. (Str +4, Int/Dex
                  | -1) [potion of mutation]
 65917 | D:13     | Lost mutation: Potions are less effective at restoring your
                  | health. [potion of mutation]
 65917 | D:13     | Gained mutation: You are partially covered in large bone
                  | plates. (SH +4) [potion of mutation]
 65917 | D:13     | Gained mutation: You are weak. (Str -2) [potion of
                  | mutation]
 66522 | Spider:4 | Reached XP level 24. HP: 184/202 MP: 0/0
 66872 | Spider:4 | Got a gossamer rune of Zot
 66929 | Spider:3 | Killed Mlioglotl
 67018 | Spider:1 | Killed Xolotl's ghost
 67667 | Depths:1 | Entered Level 1 of the Depths
 68078 | Depths:1 | Paralysed by a vampire knight for 3 turns
 68267 | Depths:1 | Found a gateway to Hell.
 68340 | Depths:1 | Found a one-way gateway to a ziggurat.
 68751 | Depths:1 | Found Remp's Jewellery Emporium.
 68751 | Depths:1 | Found Osmeh's Book Shop.
 68752 | Depths:1 | Found Duffyups's Jewellery Emporium.
 69120 | Depths:2 | Found a white marble altar of Elyvilon.
 69181 | Depths:2 | Noticed Sojobo
 69316 | Depths:2 | Killed Sojobo
 69593 | Depths:2 | Found a one-way gate leading to the halls of Pandemonium.
 70162 | Depths:3 | Paralysed by a sphinx for 5 turns
 70322 | Depths:3 | Found a basalt altar of Yredelemnul.
 70771 | Depths:3 | Reached XP level 25. HP: 211/211 MP: 0/0
 70771 | Depths:3 | Learned a level 8 spell: Infestation
 70787 | Depths:3 | Identified the +0 ring mail of Responsibility {rC+}
 71165 | Depths:3 | Found a one-way gate to the infinite horrors of the Abyss.
 71226 | Depths:3 | Noticed a juggernaut
 71237 | Depths:3 | Killed a juggernaut
 71324 | Depths:3 | Identified an amulet of Gluttony {Faith Rampage Str+3
                  | Dex+3}
 71324 | Depths:3 | Identified the +1 great sword "Sikam" {speed, Str+4}
 71352 | Depths:3 | Identified the staff of Bloodstone {rElec Will+ Str-5 Int+3
                  | Stlth+ Air}
 72324 | Depths:3 | Identified the ring of False Pretenses {rCorr Str+4}
 72798 | Depths:3 | Identified the +4 quarterstaff of Meoharghye {holy,
                  | ^Fragile Fly Int+3}
 72798 | Depths:3 | Identified the +6 arbalest of Evolution {flame, rElec
                  | Dex+2}
 72804 | Depths:3 | Identified the +3 scale mail of Fedhas's Favour {Stlth+}
 73074 | Depths:3 | Found the +3 Mad Mage's Maulers {Infuse+∞ VampMP -Cast}
 73332 | Depths:4 | Entered Level 4 of the Depths
 73520 | Depths:4 | Found a sparkling altar of Nemelex Xobeh.
 73592 | Depths:4 | Reached XP level 26. HP: 217/220 MP: 0/0
 73940 | Depths:4 | Identified the +11 morningstar of Death {drain, *Noise
                  | +Blink Str+2 Dex+3}
 74200 | Depths:4 | Identified the +4 sling "Wuobuda" {drain, rElec Str+2}
 74599 | Depths:4 | Found a gate to the Realm of Zot.
 75477 | Vaults:5 | Entered Level 5 of the Vaults
 75502 | Vaults:5 | Noticed an ancient lich
 75710 | Vaults:5 | Identified the ring "Liusavoh" {rC+++ rN+ Will+++ Str+2
                  | Dex-2}
 76071 | Vaults:5 | Killed an ancient lich
 76127 | Vaults:5 | Identified the +2 pair of gloves "Houfusm" {rPois rF-
                  | Dex+2}
 76592 | Vaults:5 | Reached XP level 27. HP: 192/225 MP: 0/0
 76592 | Vaults:5 | Learned a level 9 spell: Death's Door
 76676 | Vaults:5 | Got a silver rune of Zot
 76830 | Vaults:5 | Noticed a dread lich
 76868 | Vaults:4 | Killed a dread lich
 77450 | Vaults:5 | Found Wemomoept's General Store.
 77458 | Vaults:5 | Bought a phantom mirror for 760 gold pieces
 77458 | Vaults:5 | Bought a potion of haste for 190 gold pieces
 78079 | Elf:2    | Bought a faintly glowing scale mail for 315 gold pieces
 78079 | Elf:2    | Identified the +1 scale mail of Autumn {rF- MP-9 Dex+9
                  | Slay+6} (You bought it in a shop on level 2 of the Elven
                  | Halls)
 78606 | Slime:1  | Entered Level 1 of the Pits of Slime
 78629 | Slime:2  | Noticed Dissolution
 78637 | Slime:2  | Killed Dissolution
 79201 | Slime:5  | Entered Level 5 of the Pits of Slime
 80120 | Slime:5  | Noticed the Royal Jelly
 80211 | Slime:5  | Killed the Royal Jelly
 80252 | Slime:5  | Identified the +4 morningstar "Sagicil" {flame, rElec rF+
                  | Will+ Int+3}
 80252 | Slime:5  | Identified the +7 bardiche "Hiedabia" {venom, Will+}
 80302 | Slime:5  | Identified the +1 short sword of Jeenavaa {antimagic,
                  | Dex+3}
 80339 | Slime:5  | Identified the +3 pair of gloves "Holaeqou" {*Slow Fly
                  | rElec SInv}
 80340 | Slime:5  | Identified the +9 whip of the Enchanted Forest {freeze,
                  | Int+4 Dex+2 SInv}
 80371 | Slime:5  | Identified the ring "Liurux" {Fire rPois rN+++ MP+9 Dex-2}
 80394 | Slime:5  | Got a slimy rune of Zot
 80898 | Depths:3 | Voluntarily entered the Abyss.
 81540 | Abyss:3  | Reached skill level 10 in Stealth
 81553 | Abyss:3  | Found a corrupted altar of Lugonu.
 81908 | Abyss:3  | Found a corrupted altar of Lugonu.
 81955 | Abyss:3  | Found a corrupted altar of Lugonu.
 82211 | Abyss:3  | Found a corrupted altar of Lugonu.
 82275 | Abyss:3  | Found a corrupted altar of Lugonu.
 82343 | Abyss:4  | Reached skill level 15 in Staves
 82391 | Abyss:4  | Got an abyssal rune of Zot
 82441 | Depths:3 | Escaped the Abyss
 82528 | Zot:1    | Entered Level 1 of the Realm of Zot
 82589 | Zot:1    | Noticed an orb of fire
 82674 | Zot:1    | Killed an orb of fire
 82856 | Zot:3    | Noticed a Killer Klown
 82870 | Zot:3    | Noticed a Killer Klown
 83514 | Zot:3    | Acquired the +3 cloak of the Ecumenical Temple {rElec rF+}
 83626 | Zot:5    | Entered Level 5 of the Realm of Zot
 84348 | Zot:5    | Noticed an ancient lich
 84405 | Zot:5    | Killed an ancient lich
 84502 | Zot:5    | Noticed an ancient lich
 84502 | Zot:5    | Noticed a Killer Klown
 84508 | Zot:5    | Noticed an orb of fire
 84510 | Zot:5    | Noticed an orb of fire
 84510 | Zot:5    | Gained mutation: You occasionally shout uncontrollably at
                  | your foes. [an orb of fire]
 84514 | Zot:5    | Noticed a dread lich
 84520 | Zot:5    | Killed an orb of fire
 84523 | Zot:5    | Killed an orb of fire
 84525 | Zot:5    | Killed a Killer Klown
 84533 | Zot:5    | Killed an ancient lich
 84540 | Zot:5    | Killed a dread lich
 84590 | Zot:5    | Got the Orb of Zot
 85131 | D:$      | Escaped with the Orb!

Illustrated notes

Levels and vault maps discovered:
D:1:      ebering_trefoil_twist, layout_rooms, chequers_ecumenical_altar_simple,
          grunt_decor_mini_mirrors
D:2:      layout_loops_ring, serial_glass, glass_columns_a, glass_columns_a,
          glass_columns_b, glass_columns_a, serial_bayou_lake_a, uniq_jessica,
          uniq_crazy_yiuf_cottage, uniq_sigmund, uniq_robin
D:3:      layout_loops_ring, serial_park_tiny_2, dk_noncrumbling_3
D:4:      layout_rooms, uniq_blork_the_orc
D:5:      lemuel_castle_with_subvaults [lemuel_castle_interior_original],
          layout_basic, old_standard_altar, minmay_temple_entry_hall,
          enter_ossuary_4, st_stairs_4, nicolae_half_adder
D:6:      layout_basic, ebering_ghost_inner_flame, kb_rosetta, uniq_pikel,
          uniq_eustachio
D:7:      layout_loops_ring, gammafunk_temple_overflow_wave, serial_shops,
          kennysheep_mini
D:8:      layout_gridville, mainiacjoe_overflow_two_lobes,
          grunt_lair_entry_orc_guard_hut, hellmonk_ghost_big_iron
D:9:      layout_roguey, kennysheep_slug_shrine, uniq_grum
D:10:     layout_gridville, st_stairs_11, chequers_decorated_corner,
          evilmike_minifort
D:11:     layout_basic, serial_shops, nicolae_shop_waterfront,
          nicolae_shop_temple_entry_statues_fountains, shop_fountains,
          nicolae_stop_n_shop_1, nicolae_stop_n_shop_2
D:12:     layout_irregular_city, orc_david_3
D:13:     layout_cave_pools, ximxim_vaults_locker_room
D:14:     layout_rooms, minmay_misc_feat_tiny, minmay_lindwurm_lava
D:15:     grunt_enter_depths_snipers, layout_cave_pools, minmay_strange_pillars,
          st_stairs_7
Temple:   nicolae_temple_superstar
Lair:1:   layout_gridlike
Lair:2:   layout_regular_city, minmay_swamp_entry_swarm, uniq_urug
Lair:3:   layout_layer_cave, nicolae_spider_entry_lesser_pyramids,
          lemuel_fruit_fields
Lair:4:   layout_regular_city, slime_entry_2, gammafunk_ghost_berserking_beasts,
          infiniplex_staircase_pool, lemuel_fruit_fields, serial_bayou_shore_a
Lair:5:   hangedman_lair_caniforms_friends, layout_small_grid,
          hangedman_lair_in_review, dreamdust_wasp_nest
Swamp:1:  layout_basic_swamp, nicolae_swamp_bean_lake, swamp_pool_4
Swamp:2:  layout_basic_swamp, evilmike_swamp_ruin_house_4,
          infiniplex_staircase_pool_2
Swamp:3:  layout_basic_swamp, evilmike_swamp_ruin_rubble_2
Swamp:4:  swamp_old_school, layout_basic_swamp
Spider:1: layout_spider_delve, ebering_ghost_disaster_area, uniq_kirke
Spider:2: gammafunk_sealed_arena, nicolae_spider_eight_legs, uniq_mlioglotl
Spider:3: layout_spider_delve, nicolae_spider_moth_buddies
Spider:4: spider_rune_water
Slime:1:  layout_caves
Slime:2:  layout_caves, uniq_dissolution
Slime:3:  layout_caves, nicolae_slime_getting_an_eyeful
Slime:4:  cheibrodos_slime_lost_civilization_2, layout_caves, basic_altar
Slime:5:  slime_pit_nicolae_block_by_block
Orc:1:    layout_diamond_mine, serial_shops, shop
Orc:2:    st_orc_congregation, layout_diamond_mine, nicolae_shop_firing_range
Elf:1:    nicolae_elf_arrival_fired_up, layout_loops_corners,
          serial_co_window_serial, co_window_corner_a,
          co_window_of_opportunity_a, co_window_corner_a, co_window_corner_a,
          co_window_paths_b, co_window_corner_a, co_window_corner_a,
          co_window_2corner, co_window_corner_b, co_window_corner_b,
          glass_columns_a, serial_shops, shop, minmay_elf_necromancy,
          uniq_aizul, uniq_nikola
Elf:2:    elven_hall_of_blades_hangedman_original [nicolae_blade_lattice],
          layout_geoelf_diagonals, serial_shops, shop,
          nicolae_shop_competitors_out_of_business, nicolae_shop_crystal, shop,
          shop, uniq_jorgrun
Elf:3:    grunt_elf_hall_diamonds, layout_geoelf_castle, serial_shops, shop,
          portal_ice_cave_entry_pillars_four, amethyst_killhole,
          minmay_misc_feat_diagonals
Vaults:1: ebering_ghost_gozag, nicolae_vaults_diamond_2, hangedman_vaults_locks,
          nicolae_vaults_more_shelving_2, v_pattern_1,
          vaults_room_grunt_arrival_ludios, vaults_mumra_minichess,
          nicolae_vaults_wine_cellar, v_misc_23, layout_vaults_omnibox
Vaults:2: ontoclasm_vaults_ring_large, minmay_crypt_entry_simple_box, v_misc_29,
          ontoclasm_vaults_twist, ontoclasm_vaults_hangar,
          nicolae_vaults_closet_pinwheel_3, nicolae_vaults_display_case,
          vaults_room_pools, layout_vaults_chaotic_city, uniq_margery
Vaults:3: nicolae_vaults_offset_grid_hallway_3, hangedman_vaults_slice,
          nicolae_vaults_trapezoid_lopsided_4, ontoclasm_vaults_pinch,
          nicolae_vaults_puzzle_piece, hangedman_vaults_slice,
          nicolae_vaults_trapezoid_lopsided_1, nicolae_vaults_surprise_closet,
          nicolae_vaults_angled_halls, nicolae_vaults_little_guard_posts,
          dpeg_vaults_monster_box, layout_vaults_omnicross
Vaults:4: nicolae_vaults_shrinking_rooms_1, nicolae_vaults_steering_wheel,
          nicolae_vaults_closet_pinwheel_2, v_pattern_4,
          vaults_mumra_minichess_inversion, ontoclasm_vaults_gateway,
          vaults_standard_mumra_enter_the_diamond,
          nicolae_vaults_little_squares_4, nicolae_vaults_apartment_2,
          nicolae_vaults_trapezoid_lopsided_3, layout_vaults_ring
Vaults:5
Crypt:1:  layout_regular_city, minivault_11, lemuel_nasty_fountain,
          uniq_josephina, uniq_khufu
Crypt:2:  layout_gridlike, ebering_ghost_reflecting_pool,
          minmay_misc_feat_alley, ebering_dispersal_statue_hall
Crypt:3:  cryptofortress_bobbens
Depths:1: layout_gridlike, enter_ziggurat_a, chequers_serial_rivers_small_3,
          grunt_hell_entry_dis_grunt, grunt_decor_clamped, minmay_evil_grid,
          minmay_shop_grove
Depths:2: hangedman_elemental_death_ray, layout_cave_pools,
          rand_demon_pan_entry_8, hell_entry, hangedman_glass_teeth,
          nicolae_elyvilon_peaceful_grove, serial_bayou_shore_b, uniq_sojobo
Depths:3: minmay_the_grid_ultimate [minmay_the_grid_prize_inner_circle,
          minmay_the_grid_prize_four_corners, minmay_the_grid_prize_trominoes,
          minmay_the_grid_prize_diamond_cup, minmay_the_grid_square_5x5_six,
          minmay_the_grid_square_5x5_shrine2, minmay_the_grid_square_5x5_empty,
          minmay_the_grid_square_5x5_hollow_slash,
          minmay_the_grid_square_5x5_checkered,
          minmay_the_grid_square_5x5_spiral, minmay_the_grid_square_5x5_meh,
          minmay_the_grid_square_5x5_bracketed,
          minmay_the_grid_square_5x5_shrine1,
          minmay_the_grid_square_5x5_checkered_statues,
          minmay_the_grid_square_5x5_intrusive_squares,
          minmay_the_grid_square_5x5_two_walls_b,
          minmay_the_grid_square_5x5_two_small, minmay_the_grid_square_5x5_comb,
          minmay_the_grid_square_5x5_inner_v,
          minmay_the_grid_triangle_9x9_warning,
          minmay_the_grid_triangle_9x9_negative_grid,
          minmay_the_grid_triangle_9x9_alien,
          minmay_the_grid_triangle_9x9_swiss_cheese,
          minmay_the_grid_triangle_9x9_stretched_checkered,
          minmay_the_grid_triangle_9x9_checkered,
          minmay_the_grid_triangle_9x9_from_above,
          minmay_the_grid_triangle_9x9_flanged_cone,
          minmay_the_grid_triangle_9x9_zippers_horizontal,
          minmay_the_grid_triangle_9x9_steps,
          minmay_the_grid_triangle_9x9_dagger,
          minmay_the_grid_triangle_9x9_limited_checkers,
          minmay_the_grid_triangle_9x9_intruding_spiral,
          minmay_the_grid_triangle_9x9_impossible_snake,
          minmay_the_grid_triangle_9x9_wacky_v,
          minmay_the_grid_triangle_9x9_longest,
          minmay_the_grid_square_5x5_doubleslash,
          minmay_the_grid_octo_fan_narrow, minmay_the_grid_octo_concentric,
          minmay_the_grid_octo_clover_2, minmay_the_grid_octo_checkered,
          minmay_the_grid_octo_77, minmay_the_grid_octo_horde,
          minmay_the_grid_octo_checkerflower,
          minmay_the_grid_octo_vomiting_pacman, minmay_the_grid_tri_star,
          minmay_the_grid_empty, minmay_the_grid_outer_diamond,
          minmay_the_grid_fan], abyss_entry, hell_entry
Depths:4: grunt_zot_entry_bicorn, layout_long_grid, nemelex_lonely_heart_becter,
          grunt_mini_vestibule, grunt_megastairs_5
Zot:1:    layout_misc_corridors
Zot:2:    hellmonk_crystal_mountain, layout_gridlike,
          regret_index_zotdec_barnacled_alternative, uniq_vv
Zot:3:    grunt_zot_stairs_faceoff, layout_basic, regret_index_zotdec_iron_s,
          nicolae_zig_zag_zippers, uniq_grunn
Zot:4:    layout_concentric_octagons
Zot:5:    layout_gridlike

Skill      XL: |  1  2  3  4  5  6  7  8  9 10 11 12 13 14 15 16 17 18 19 20 21 22 23 24 25 26 27 |
---------------+----------------------------------------------------------------------------------+-----
Fighting       | 1 2 4 6 8 10 12 15 17 18 20 21 22 | 22.2
Spellcasting   | 4 5 6 8 10 11 12 13 14 15 16 18 20 | 20.2
Conjurations   | 4 5 6 8 10 11 12 13 14 15 16 18 20 | 20.2
Hexes          | 4 5 6 8 10 11 12 13 14 15 16 18 20 | 20.2
Summonings     | 4 5 6 8 10 11 12 13 14 15 16 18 20 | 20.2
Necromancy     | 4 5 6 8 10 11 12 13 14 15 16 18 20 | 20.2
Translocations | 4 5 6 8 10 11 12 13 14 15 16 18 20 | 20.2
Fire Magic     | 4 5 6 8 10 11 12 13 14 15 16 18 20 | 20.2
Ice Magic      | 4 5 6 8 10 11 12 13 14 15 16 18 20 | 20.2
Air Magic      | 4 5 6 8 10 11 12 13 14 15 16 18 20 | 20.2
Earth Magic    | 4 5 6 8 10 11 12 13 14 15 16 18 20 | 20.2
Alchemy        | 4 5 6 8 10 11 12 13 14 15 16 18 20 | 20.2
Evocations     | 3 5 10 11 12 13 16 17 18 21 23 | 23.4
Dodging        | 3 7 8 10 11 12 14 16 17 18 19 20 21 23 | 23.0
Armour         | 1 2 3 |  3.0
Stealth        | 2 3 4 5 8 9 11 | 11.7
Staves         | 3 6 10 11 12 16 | 16.8

Action                     |  1- 3 |  4- 6 |  7- 9 | 10-12 | 13-15 | 16-18 | 19-21 | 22-24 | 25-27 || total
---------------------------+-------+-------+-------+-------+-------+-------+-------+-------+-------++-------
  Melee: Dagger            |     5 |    84 |    95 |    21 |     1 |       |       |       |       ||   206
         Punch             |       |     1 |       |     1 |       |       |       |       |       ||     2
         Quarterstaff      |       |       |    71 |    98 |     9 |       |       |       |       ||   178
         Spear             |       |       |       |   101 |       |       |       |       |       ||   101
         Staff             |       |       |       |   123 |    12 |     6 |       |       |       ||   141
         Lajatang          |       |       |       |       |   838 |   963 |   545 |   695 |  1114 ||  4155
  Throw: Boomerang         |       |       |       |    10 |       |    40 |     4 |       |       ||    54
   Cast: Magic Dart        |    46 |    45 |   198 |   134 |    56 |     8 |       |       |       ||   487
         Shock             |     5 |     7 |    63 |    83 |     8 |     1 |     1 |       |       ||   168
         Call Imp          |     2 |    16 |    28 |    46 |    19 |     5 |     1 |     1 |     4 ||   122
         Slow              |     2 |    12 |     9 |    23 |    10 |       |       |       |       ||    56
         Blink             |       |     2 |     2 |     7 |     5 |       |       |     1 |     3 ||    20
         Mephitic Cloud    |       |     5 |    15 |    32 |    23 |    54 |    23 |     5 |     1 ||   158
         Jinxbite          |       |     9 |     4 |    18 |     2 |       |       |       |       ||    33
         Teleport Other    |       |       |     1 |     3 |       |       |       |       |       ||     4
         Cause Fear        |       |       |       |    11 |    13 |    22 |     3 |       |     1 ||    50
         Passwall          |       |       |       |     1 |     9 |     7 |     9 |     4 |     3 ||    33
         Curse of Agony    |       |       |       |       |    38 |     8 |     1 |     1 |       ||    48
         Dispersal         |       |       |       |       |     3 |    12 |     7 |     5 |     7 ||    34
         Enfeeble          |       |       |       |       |       |    32 |    10 |    60 |    89 ||   191
         Orb of Destructio |       |       |       |       |       |       |   207 |   131 |   155 ||   493
         Discord           |       |       |       |       |       |       |     7 |    36 |    38 ||    81
         Malign Gateway    |       |       |       |       |       |       |       |    18 |     8 ||    26
         Infestation       |       |       |       |       |       |       |       |       |    70 ||    70
 Invoke: Curse Item        |       |       |     1 |     5 |     2 |     1 |     4 |     1 |     3 ||    17
         Shatter the Chain |       |       |       |     2 |     1 |     1 |     1 |     3 |     1 ||     9
  Evoke: Wand              |       |       |       |       |     2 |    19 |     2 |     3 |    29 ||    55
         Tin of tremorston |       |       |       |       |       |     2 |       |     1 |       ||     3
         Sack of spiders   |       |       |       |       |       |     1 |     1 |     1 |     3 ||     6
         Phial of floods   |       |       |       |       |       |       |       |       |     1 ||     1
         Phantom mirror    |       |       |       |       |       |       |       |       |     2 ||     2
    Use: Scroll            |       |     1 |       |     1 |    10 |     5 |     9 |     4 |    16 ||    46
         Potion            |       |     1 |     2 |       |       |    10 |       |     1 |     8 ||    22
   Stab: Sleeping          |     1 |     4 |       |     2 |    23 |    23 |    14 |    24 |    25 ||   116
         Confused          |       |     1 |     6 |    11 |    22 |    48 |    12 |     4 |     4 ||   108
         Distracted        |       |     1 |     1 |     2 |     2 |     5 |    10 |     6 |    12 ||    39
         Petrified         |       |       |     1 |       |     3 |       |       |       |       ||     4
         Held in net/web   |       |       |     1 |       |       |     1 |       |       |     1 ||     3
         Petrifying        |       |       |       |       |     1 |       |       |       |       ||     1
         Invisible         |       |       |       |       |       |    21 |     3 |    30 |    32 ||    86
 Armour: Robe              |     5 |    48 |   113 |       |       |       |       |       |       ||   166
         Troll leather arm |       |       |    10 |    50 |       |       |       |       |   290 ||   350
         Ring mail         |       |       |       |   165 |   428 |       |       |       |       ||   593
         Leather armour    |       |       |       |       |    37 |   523 |   254 |   332 |   257 ||  1403
         Chain mail        |       |       |       |       |       |     8 |       |       |       ||     8
  Dodge: Dodged            |     9 |    54 |   135 |   255 |   903 |  1169 |   559 |   917 |  1170 ||  5171
  Block: Other             |       |       |       |       |   145 |   217 |    82 |    61 |   135 ||   640
         Reflection        |       |       |       |       |     4 |     3 |    11 |     3 |       ||    21
